SBL
HAWTHORN HAWKS @ WILLIAMSTOWN SEAGULLS
06/04/2022
 
TOP OF THE 1ST
Hawthorn Hawks batting - Pitching for Williamstown Seagulls : RHP Bob Hamilton
Pitching: RHP Bob Hamilton
Batting: LHB Fred Pascoe 0-0: Ball
1-0: Ball
2-0: Foul Ball, location: 7LDF
2-1: Ball
3-1: Ground out 6-3 (Groundball, 6, EV 106.3 MPH)
Batting: RHB Frank Crang 0-0: Called Strike
0-1: Ground out 5-3 (Groundball, 56S, EV 88.1 MPH)
Batting: LHB Chandler Cheney 0-0: Ball
1-0: Called Strike
1-1: Ball
2-1: Ball
3-1: Base on Balls
Batting: RHB Marvin Leckenby 0-0: Ball
1-0: Foul Ball, location: 25F
1-1: Foul Ball, location: 5DF
1-2: Foul Ball, location: 25FF
1-2: Ground out 5-3 (Groundball, 15, EV 88.8 MPH)
Top of the 1st over - 0 runs, 0 hits, 0 errors, 1 left on base; Hawthorn 0 - Williamstown 0
BOTTOM OF THE 1ST
Williamstown Seagulls batting - Pitching for Hawthorn Hawks : RHP Rod Holtby
Pitching: RHP Rod Holtby
Batting: RHB Brad Stuart 0-0: Ball
1-0: Called Strike
1-1: Foul Ball, location: 25FF
1-2: Ball
2-2: Foul Ball, location: 5FF
2-2: Foul Ball, location: 2F
2-2: Foul Ball, location: 23F
2-2: Ground out 5-3 (Groundball, 56S, EV 87.5 MPH)
Batting: LHB Damien Southon 0-0: Ball
1-0: Called Strike
1-1: Called Strike
1-2: Fly out, F7 (Flyball, 78S, EV 98.1 MPH)
Batting: LHB Lonnie Mence 0-0: Ball
1-0: Ball
2-0: Called Strike
2-1: SINGLE (Groundball, 4D, EV 102.5 MPH)
Batting: LHB Brent Reddaway 0-0: Ball
1-0: Fly out, F8 (Flyball, 89S, EV 90.0 MPH)
Bottom of the 1st over - 0 runs, 1 hit, 0 errors, 1 left on base; Hawthorn 0 - Williamstown 0
TOP OF THE 2ND
Hawthorn Hawks batting - Pitching for Williamstown Seagulls : RHP Bob Hamilton
Batting: LHB David Hayter 0-0: Ball
1-0: Foul Ball, location: 2F
1-1: Swinging Strike
1-2: Ground out 4-3 (Groundball, 4, EV 93.1 MPH)
Batting: LHB Macy Ferns 0-0: Ball
1-0: Ground out 4-3 (Groundball, 4, EV 93.8 MPH)
Batting: RHB Ed Glynn 0-0: Ball
1-0: Ball
2-0: Called Strike
2-1: Ground out U3 (Groundball, 3, EV 87.5 MPH)
Top of the 2nd over - 0 runs, 0 hits, 0 errors, 0 left on base; Hawthorn 0 - Williamstown 0
BOTTOM OF THE 2ND
Williamstown Seagulls batting - Pitching for Hawthorn Hawks : RHP Rod Holtby
Batting: LHB Brant Rice 0-0: Foul Ball, location: 7LSF
0-1: Ball
1-1: Called Strike
1-2: Foul Ball, location: 7LMF
1-2: Foul Ball, location: 3F
1-2: Foul Ball, location: 25FF
1-2: Ball
2-2: Ball
3-2: Fly out, F9 (Flyball, 89S, EV 95.6 MPH)
Batting: RHB Brent Finn 0-0: Ball
1-0: Foul Ball, location: 7LMF
1-1: Foul Ball, location: 2F
1-2: Foul Ball, location: 23FF
1-2: Ball
2-2: Ball
3-2: SINGLE (Line Drive, 9S, EV 103.8 MPH)
Batting: LHB Sam Fairfax 0-0: Foul Ball, location: 5SF
0-1: Foul Ball, location: 7LMF
0-2: Ball
1-2: Foul Ball, location: 2F
1-2: Foul Ball, location: 7LDF
1-2: Fly out, F4 (Line Drive, 4D, EV 64.4 MPH)
Batting: RHB Vic Wynne 0-0: Ball
1-0: Called Strike
1-1: Ball
2-1: SINGLE (Line Drive, 78M, EV 87.5 MPH)
Brent Finn to second
Batting: RHB Eric Vaisey 0-0: Foul Ball, location: 2F
0-1: Foul Ball, location: 2F
0-2: Ball
1-2: Ground out 5-3 (Groundball, 56S, EV 82.5 MPH)
Bottom of the 2nd over - 0 runs, 2 hits, 0 errors, 2 left on base; Hawthorn 0 - Williamstown 0
TOP OF THE 3RD
Hawthorn Hawks batting - Pitching for Williamstown Seagulls : RHP Bob Hamilton
Batting: LHB Chris Cunningham 0-0: Swinging Strike
0-1: Ground out U3 (Groundball, 3, EV 101.3 MPH)
Batting: RHB Justin Williams 0-0: Ball
1-0: Ball
2-0: Fly out, F9 (Flyball, 9D, EV 102.5 MPH)
Batting: LHB Fred Pascoe 0-0: Ball
1-0: Foul Ball, location: 7LSF
1-1: SINGLE (Groundball, 6M, EV 95.0 MPH) (infield hit)
Batting: RHB Frank Crang 0-0: Ball
1-0: Called Strike
1-1: Ball
2-1: 2-RUN HOME RUN (Flyball, 78XD, EV 106.3 MPH), Distance : 413 ft
Batting: LHB Chandler Cheney 0-0: Ball
1-0: Ball
2-0: Called Strike
2-1: Swinging Strike
2-2: Ball
3-2: DOUBLE (Flyball, 89D, EV 112.5 MPH)
Batting: RHB Marvin Leckenby 0-0: Ball
1-0: Foul Ball, location: 5FF
1-1: Foul Ball, location: 5F
1-2: Foul Ball, location: 9LDF
1-2: Ball
2-2: Strikes out looking
Top of the 3rd over - 2 runs, 3 hits, 0 errors, 1 left on base; Hawthorn 2 - Williamstown 0
BOTTOM OF THE 3RD
Williamstown Seagulls batting - Pitching for Hawthorn Hawks : RHP Rod Holtby
Batting: RHB Brad Stuart 0-0: Fly out, F6 (Popup, 6MD, EV 63.1 MPH)
Batting: LHB Damien Southon 0-0: Ball
1-0: Foul Ball, location: 9LSF
1-1: Ball
2-1: Ball
3-1: Called Strike
3-2: Fly out, F8 (Line Drive, 8RD, EV 104.4 MPH)
Batting: LHB Lonnie Mence 0-0: Foul Ball, location: 7LDF
0-1: Called Strike
0-2: Ball
1-2: Ball
2-2: Fly out, F7 (Flyball, 78S, EV 94.4 MPH)
Bottom of the 3rd over - 0 runs, 0 hits, 0 errors, 0 left on base; Hawthorn 2 - Williamstown 0
TOP OF THE 4TH
Hawthorn Hawks batting - Pitching for Williamstown Seagulls : RHP Bob Hamilton
Batting: LHB David Hayter 0-0: Foul Ball, location: 2F
0-1: Foul Ball, location: 3F
0-2: Ball
1-2: Foul Ball, location: 5FF
1-2: Ball
2-2: Ball
3-2: Ground out U3 (Groundball, 3, EV 83.1 MPH)
Pitching: RHP Kevin Hobley
Batting: LHB Macy Ferns 0-0: Ball
1-0: Ball
2-0: Ground out 4-3 (Groundball, 4D, EV 103.1 MPH)
Batting: RHB Ed Glynn 0-0: Called Strike
0-1: Ball
1-1: Ball
2-1: Foul Ball, location: 2F
2-2: Ball
3-2: Foul Ball, location: 3F
3-2: Base on Balls
Batting: LHB Chris Cunningham 0-0: Ball
1-0: Ball
2-0: Fly out, F7 (Flyball, 78M, EV 95.0 MPH)
Top of the 4th over - 0 runs, 0 hits, 0 errors, 1 left on base; Hawthorn 2 - Williamstown 0
BOTTOM OF THE 4TH
Williamstown Seagulls batting - Pitching for Hawthorn Hawks : RHP Rod Holtby
Batting: LHB Brent Reddaway 0-0: Ball
1-0: Foul Ball, location: 2F
1-1: Swinging Strike
1-2: Ball
2-2: Strikes out swinging
Batting: LHB Brant Rice 0-0: Called Strike
0-1: Called Strike
0-2: Ball
1-2: Foul Ball, location: 2F
1-2: Foul Ball, location: 2F
1-2: Strikes out swinging
Batting: RHB Brent Finn 0-0: Swinging Strike
0-1: Ball
1-1: Ball
2-1: Ground out 4-3 (Groundball, 4, EV 87.5 MPH)
Bottom of the 4th over - 0 runs, 0 hits, 0 errors, 0 left on base; Hawthorn 2 - Williamstown 0
TOP OF THE 5TH
Hawthorn Hawks batting - Pitching for Williamstown Seagulls : RHP Kevin Hobley
Batting: RHB Justin Williams 0-0: Foul Ball, location: 2F
0-1: Ball
1-1: Ball
2-1: Called Strike
2-2: Ball
3-2: Foul Ball, location: 7LMF
3-2: Strikes out swinging
Batting: LHB Fred Pascoe 0-0: Ball
1-0: Called Strike
1-1: Foul Ball, location: 25F
1-2: Fly out, F8 (Flyball, 8LD, EV 101.9 MPH)
Batting: RHB Frank Crang 0-0: Called Strike
0-1: Foul Ball, location: 3F
0-2: Ball
1-2: Foul Ball, location: 3DF
1-2: Ball
2-2: Ball
3-2: Ground out U3 (Groundball, 3, EV 86.3 MPH)
Top of the 5th over - 0 runs, 0 hits, 0 errors, 0 left on base; Hawthorn 2 - Williamstown 0
BOTTOM OF THE 5TH
Williamstown Seagulls batting - Pitching for Hawthorn Hawks : RHP Rod Holtby
Batting: LHB Sam Fairfax 0-0: Swinging Strike
0-1: Ball
1-1: Swinging Strike
1-2: Ball
2-2: Ball
3-2: Base on Balls
Batting: RHB Vic Wynne 0-0: Ball
Sam Fairfax is caught stealing 2nd base 2-4
1-0: Swinging Strike
1-1: Ball
2-1: Foul Ball, location: 2F
2-2: Strikes out swinging
Batting: RHB Eric Vaisey 0-0: Called Strike
0-1: Ground out 6-3 (Groundball, 56, EV 79.4 MPH)
Bottom of the 5th over - 0 runs, 0 hits, 0 errors, 0 left on base; Hawthorn 2 - Williamstown 0
TOP OF THE 6TH
Hawthorn Hawks batting - Pitching for Williamstown Seagulls : RHP Kevin Hobley
Batting: LHB Chandler Cheney 0-0: Called Strike
0-1: Foul Ball, location: 25FF
0-2: Ball
1-2: Foul Ball, location: 2F
1-2: Foul Ball, location: 7LMF
1-2: Strikes out swinging
Batting: RHB Marvin Leckenby 0-0: Ground out 6-3 (Groundball, 6M, EV 104.4 MPH)
Batting: LHB David Hayter 0-0: Swinging Strike
0-1: Foul Ball, location: 9LSF
0-2: DOUBLE (Line Drive, 9LS, EV 108.1 MPH)
Batting: LHB Macy Ferns 0-0: Ball
1-0: Called Strike
1-1: Ball
2-1: Foul Ball, location: 3DF
2-2: Fly out, F2 (Popup, 15S, EV 86.9 MPH)
Top of the 6th over - 0 runs, 1 hit, 0 errors, 1 left on base; Hawthorn 2 - Williamstown 0
BOTTOM OF THE 6TH
Williamstown Seagulls batting - Pitching for Hawthorn Hawks : RHP Rod Holtby
Batting: RHB Brad Stuart 0-0: Fly out, F7 (Flyball, 7S, EV 74.4 MPH)
Batting: LHB Damien Southon 0-0: Ball
1-0: Ball
2-0: Foul Ball, location: 2RF
2-1: Foul Ball, location: 25F
2-2: Foul Ball, location: 2F
2-2: Strikes out swinging
Batting: LHB Lonnie Mence 0-0: Ball
1-0: Called Strike
1-1: Fly out, F7 (Flyball, 7, EV 88.8 MPH)
Bottom of the 6th over - 0 runs, 0 hits, 0 errors, 0 left on base; Hawthorn 2 - Williamstown 0
TOP OF THE 7TH
Hawthorn Hawks batting - Pitching for Williamstown Seagulls : RHP Kevin Hobley
Pitching: RHP Jaret Howell
Batting: RHB Ed Glynn 0-0: Fly out, F9 (Flyball, 9D, EV 101.3 MPH)
Batting: LHB Chris Cunningham 0-0: SINGLE (Line Drive, 4D, EV 100.6 MPH)
Batting: RHB Justin Williams 0-0: Called Strike
Chris Cunningham steals 2nd base
0-1: DOUBLE (Line Drive, 7LD, EV 101.3 MPH)
Chris Cunningham scores
Batting: LHB Fred Pascoe 0-0: Ball
1-0: Called Strike
1-1: Called Strike
1-2: Strikes out swinging
Batting: RHB Frank Crang 0-0: Ball
1-0: Called Strike
1-1: Swinging Strike
1-2: Fly out, F9 (Flyball, 9, EV 80.6 MPH)
Top of the 7th over - 1 run, 2 hits, 0 errors, 1 left on base; Hawthorn 3 - Williamstown 0
BOTTOM OF THE 7TH
Williamstown Seagulls batting - Pitching for Hawthorn Hawks : RHP Rod Holtby
Pitching: RHP Terry Brayley
Batting: LHB Brent Reddaway 0-0: Called Strike
0-1: SINGLE (Line Drive, 9S, EV 93.1 MPH)
Batting: LHB Brant Rice 0-0: Called Strike
0-1: Ball
Brent Reddaway is caught stealing 2nd base 2-6
1-1: Called Strike
1-2: Foul Ball, location: 23F
1-2: Foul Ball, location: 23F
1-2: Ball
2-2: Ground out 5-3 (Groundball, 56S, EV 78.8 MPH)
Batting: RHB Brent Finn 0-0: Ball
1-0: Called Strike
1-1: Swinging Strike
1-2: DOUBLE (Flyball, 89D, EV 101.9 MPH)
Batting: LHB Sam Fairfax 0-0: Called Strike
0-1: Ball
1-1: Reached on error, E3 (Groundball, 3, EV 91.3 MPH)
Batting: RHB Vic Wynne 0-0: Swinging Strike
0-1: Ball
1-1: Ground out 4-3 (Groundball, 4, EV 91.9 MPH)
Bottom of the 7th over - 0 runs, 2 hits, 1 error, 2 left on base; Hawthorn 3 - Williamstown 0
TOP OF THE 8TH
Hawthorn Hawks batting - Pitching for Williamstown Seagulls : RHP Jaret Howell
Batting: LHB Chandler Cheney 0-0: Ball
1-0: Called Strike
1-1: Foul Ball, location: 5F
1-2: Foul Ball, location: 2F
1-2: Fly out, F9 (Flyball, 9S, EV 95.0 MPH)
Batting: RHB Marvin Leckenby 0-0: Ground out 6-3 (Groundball, 6, EV 84.4 MPH)
Batting: LHB David Hayter 0-0: Ball
1-0: Ground out U3 (Groundball, 3L, EV 101.9 MPH)
Top of the 8th over - 0 runs, 0 hits, 0 errors, 0 left on base; Hawthorn 3 - Williamstown 0
BOTTOM OF THE 8TH
Williamstown Seagulls batting - Pitching for Hawthorn Hawks : RHP Terry Brayley
Pitching: RHP John Kingsley
Batting: RHB Eric Vaisey 0-0: Ball
1-0: Foul Ball, location: 2F
1-1: Fly out, F8 (Line Drive, 8LS, EV 84.4 MPH)
Batting: LHB Wayne Pollitt 0-0: Called Strike
0-1: Ball
1-1: Foul Ball, location: 7LDF
1-2: Fly out, F8 (Flyball, 8LD, EV 106.3 MPH)
Batting: LHB Damien Southon 0-0: Ball
1-0: Foul Ball, location: 9LMF
1-1: Ball
2-1: Foul Ball, location: 3SF
2-2: Fly out, F7 (Flyball, 78S, EV 72.5 MPH)
Bottom of the 8th over - 0 runs, 0 hits, 0 errors, 0 left on base; Hawthorn 3 - Williamstown 0
TOP OF THE 9TH
Hawthorn Hawks batting - Pitching for Williamstown Seagulls : RHP Jaret Howell
Pitching: LHP Shaun Dundon
Batting: LHB Macy Ferns 0-0: Called Strike
0-1: Ground out 6-3 (Groundball, 6M, EV 82.5 MPH)
Batting: RHB Ed Glynn 0-0: Called Strike
0-1: Ball
1-1: SINGLE (Groundball, 4M, EV 106.9 MPH) (infield hit)
Batting: LHB Chris Cunningham 0-0: Called Strike
0-1: Ball
1-1: Swinging Strike
1-2: Ball
2-2: Ball
3-2: SINGLE (Groundball, 4MD, EV 97.5 MPH)
Ed Glynn to second
Batting: RHB Justin Williams 0-0: Ball
1-0: Ball
2-0: Foul Ball, location: 7LSF
2-1: Ball
3-1: Called Strike
3-2: Base on Balls
Ed Glynn to third
Chris Cunningham to second
Batting: LHB Fred Pascoe 0-0: Ball
1-0: Ball
2-0: Ball
3-0: Called Strike
3-1: Foul Ball, location: 2F
3-2: Strikes out looking
Batting: RHB Frank Crang 0-0: Ball
1-0: Called Strike
1-1: Swinging Strike
1-2: Strikes out swinging
Top of the 9th over - 0 runs, 2 hits, 0 errors, 3 left on base; Hawthorn 3 - Williamstown 0
BOTTOM OF THE 9TH
Williamstown Seagulls batting - Pitching for Hawthorn Hawks : RHP John Kingsley
Batting: LHB Lonnie Mence 0-0: Called Strike
0-1: Ball
1-1: Ball
2-1: Swinging Strike
2-2: Ball
3-2: Base on Balls
Batting: LHB Brent Reddaway 0-0: Called Strike
0-1: Ball
1-1: Swinging Strike
1-2: Ball
2-2: Ball
3-2: Foul Ball, location: 7LMF
3-2: Strikes out looking
Batting: LHB Brant Rice 0-0: Ball
1-0: Ball
2-0: Called Strike
2-1: Ball
3-1: Base on Balls
Lonnie Mence to second
Pinch Hitting: LHB Paul Bodkin 0-0: Called Strike
0-1: Ball
1-1: Ball
2-1: Swinging Strike
2-2: Strikes out swinging
Batting: LHB Sam Fairfax 0-0: Ball
1-0: Called Strike
1-1: Ball
2-1: Called Strike
2-2: Ball
3-2: Base on Balls
Lonnie Mence to third
Brant Rice to second
Pitching: RHP John Stuart
Pinch Hitting: LHB Jordy Astill 0-0: Ball
1-0: Ball
2-0: Fly out, F8 (Flyball, 78M, EV 94.4 MPH)
Bottom of the 9th over - 0 runs, 0 hits, 0 errors, 3 left on base; Hawthorn 3 - Williamstown 0
Saturday, May 4th , 2024 - OOTP Baseball 24.9 Build 80